 Dungeon Crawl Stone Soup version 0.24-a0-443-g80245de385 (webtiles) character file.

Game seed: 10458682753862247915

9 Gargoyl the Skirmisher (level 2, 0/26 HPs)
             Began as a Centaur Abyssal Knight on June 21, 2019.
             Was an Initiate of Lugonu.
             Succumbed to an adder's poison
             ... on level 2 of the Dungeon.
             The game lasted 00:00:56 (466 turns).

Gargoyl the Skirmisher (Centaur Abyssal Knight)      Turns: 466, Time: 00:00:56

Health: 0/26       AC:  8    Str: 14    XL:     2   Next: 3%
Magic:  3/3        EV:  1    Int: 11    God:    Lugonu [......]
Gold:   91         SH:  0    Dex:  8    Spells: 1/1 levels left

rFire    . . .     SeeInvis .   a - +1 hand axe
rCold    . . .     Gourm    .   (no shield)
rNeg     . . .     Faith    .   d - +0 plate armour
rPois    .         Spirit   .   (no helmet)
rElec    .         Reflect  .   (no cloak)
rCorr    .         Harm     .   (no gloves)
MR       .....                  (no barding)
Stlth    ..........             (no amulet)
HPRegen  0.08/turn              (no ring)
MPRegen  0.08/turn              (no ring)

@: lethally poisoned (0 -> -3), very quick
A: large, hooves 3, deformed body, speed 2, tough skin 3
a: Renounce Religion


You were on level 2 of the Dungeon.
You worshipped Lugonu.
Lugonu was noncommittal.
You were not hungry.

You visited 1 branch of the dungeon, and saw 2 of its levels.
You visited the Abyss 1 time.

You collected 91 gold pieces.

Inventory:

Hand Weapons
 a - a +1 hand axe (weapon)
Armour
 b - a +0 leather armour
 d - a +0 plate armour (worn)
Scrolls
 e - 2 scrolls of magic mapping {unknown}
 f - 2 scrolls of teleportation {unknown}
Comestibles
 c - 3 rations


   Skills:
 + Level 3.2 Fighting
 + Level 1.9 Axes
 * Level 1.5 Armour
 * Level 0.7 Dodging
 * Level 2.1 Invocations


You had one spell level left.
You didn't know any spells.
Your spell library was empty.

Dungeon Overview and Level Annotations

Branches:
Dungeon (1/15)

Altars:


Innate Abilities, Weirdness & Mutations

You have hooves in place of feet.
Armour fits poorly on your strangely shaped body.
You cover ground very quickly.
You have extremely tough skin. (AC +3)


Message History

* * * LOW HITPOINT WARNING * * *
You feel sick.
* * * LOW HITPOINT WARNING * * *
You feel sick.
* * * LOW HITPOINT WARNING * * *
You feel sick.
* * * LOW HITPOINT WARNING * * *
You feel sick.
Found a ration and 6 gold pieces.
* * * LOW HITPOINT WARNING * * *
You feel sick.
You see here a ration.
You see here 6 gold pieces.
* * * LOW HITPOINT WARNING * * *
You feel sick.
* * * LOW HITPOINT WARNING * * *
You feel sick.
An adder comes into view.
The adder hisses angrily.
You die...

#%# #.# #.#
#$# #S#
####### #.#
#.....#
#.###.###.#
#...S.# #.#
####### #@#
#.# #.# #S#
#.# #.. #.#
#.#


You could see an adder.

Vanquished Creatures
  A ball python (D:1)
  A giant cockroach (D:1)
  A hobgoblin (D:1)
  2 jackals (D:1)
  2 bats (D:1)
  A kobold (D:1)
8 creatures vanquished.

Notes
Turn   | Place    | Note
-------+----------+-------------------------------------------
     0 | Abyss:1  | Gargoyl the Centaur Abyssal Knight began the quest for the
                  | Orb.
     0 | Abyss:1  | Reached XP level 1. HP: 19/19 MP: 2/2
    77 | Abyss:3  | Noticed a large abomination
    77 | Abyss:3  | Noticed an ancient zyme
    85 | Abyss:4  | Noticed a smoke demon
    85 | Abyss:4  | Noticed a flying skull
    85 | Abyss:4  | Noticed a draconian
    86 | D:1      | Escaped the Abyss
   285 | D:1      | Reached * piety under Lugonu
   399 | D:1      | Reached XP level 2. HP: 24/26 MP: 3/3
   419 | D:1      | You fall into a shaft and drop 1 floor!
   454 | D:2      | HP: 1/26 [poisoned by an adder]
   460 | D:2      | HP: 1/26 [poisoned by an adder]
   466 | D:2      | Succumbed to an adder's poison

Levels and vault maps discovered:
D:1:      minmay_arrival_stair_chambers, layout_basic,
          minmay_misc_feat_secret_circle, minmay_tetromino_t4
D:2:      layout_basic, uniq_jessica, uniq_natasha, uniq_terence

Action                   || total
-------------------------++-------
Melee: Hand axe          ||    29
       Kick              ||     3
Invok: Depart the Abyss  ||     1
Armor: Plate armour      ||    49
Dodge: Dodged            ||     2

Table legend:
 A = Non-vault XP
 B = Vault XP
 C = Vault XP percentage of total XP
 D = Non-vault monster count
 E = Vault monster count
 F = Vault count percentage of total count
                 A         B        C        D         E       F
            +---------+---------+-------+---------+---------+-------
      Total |      13 |       0 |   0.0 |       8 |       0 |   0.0
            +---------+---------+-------+---------+---------+-------
        D:1 |      13 |       0 |   0.0 |       8 |       0 |   0.0
            +---------+---------+-------+---------+---------+-------
